 Dungeon Crawl Stone Soup version 0.22.1-6-g1668fe2 (webtiles) character file.

1372386 Yuikono the Conqueror (level 27, -6/179 HPs)
             Began as a Gargoyle Fighter on Jan 16, 2019.
             Was a High Priest of Wu Jian.
             Killed from afar by a hellion (29 damage)
             ... with damnation
             ... in Pandemonium on Jan 18, 2019.
             The game lasted 16:35:57 (143392 turns).

Yuikono the Conqueror (Gargoyle Fighter)          Turns: 143392, Time: 16:35:58

Health: -6/179     AC: 61    Str: 34 (35) XL:     27
Magic:  11/11      EV: 24    Int: 10      God:    Wu Jian [*****.]
Gold:   15811      SH: 33    Dex: 11      Spells: 12/26 levels left

rFire    + + +     SeeInvis +   r - +5 demon whip "Spellbinder" {antimagic, MR+}
rCold    + . .     Gourm    .   c - +5 large shield {reflect}
rNeg     + . .     Faith    .   B - +9 scales of the Dragon King {rPois rF+ rC+ MR+}
rPois    ∞         Spirit   .   (helmet restricted)
rElec    +         Reflect  +   J - +1 cloak {MR+}
rCorr    .         Harm     .   H - +2 pair of gloves {archery}
MR       +++++                  i - +0 pair of boots of Miracles {rF+ rC- Dex+3}
Stlth    ..........             R - amulet of the Air {Inacc +Fly rElec EV+5 RMsl}
HPRegen  0.39/turn              d - ring of Wineac {rF+ rC+ Str+3 Dex-3}
MPRegen  0.12/turn              y - ring of see invisible

@: flying, repel missiles
A: antennae 1, big wings, fangs 1, agile 1, blurry vision 1, deterioration 1,
frail 1, low mp 1, negative energy resistance 1, electricity resistance,
unbreathing, petrification resistance, rot immunity, AC +20
}: 14/15 runes: decaying, serpentine, slimy, silver, iron, obsidian, icy, bone,
abyssal, demonic, glowing, magical, fiery, dark
a: Stop Flying, Wall Jump, Serpent's Lash, Heavenly Storm, Renounce Religion


You were in Pandemonium.
You worshipped Wu Jian.
Wu Jian was extremely pleased with you.
You were hungry.

You visited 18 branches of the dungeon, and saw 89 of its levels.
You visited Pandemonium 4 times, and saw 20 of its levels.
You visited the Abyss 5 times.
You visited 1 bazaar.
You also visited: Trove, Sewer and Wizlab.

You collected 17943 gold pieces.
You spent 2132 gold pieces at shops.

Inventory:

Hand Weapons
 r - the +5 demon whip "Spellbinder" (weapon) {antimagic, MR+}
   (You found it on level 3 of the Elven Halls)

   It reduces the magical energy of the wielder, and disrupts the spells and
   magical abilities of those hit.
   Natural abilities and divine invocations are not affected.
   It affects your resistance to hostile enchantments.
 D - a +9 sacred scourge of holy wrath
 I - a +9 eveningstar of draining
 Q - the +11 hand crossbow of Leutaino {flame, rElec}
   (You acquired it in Pandemonium)

   It causes projectiles fired from it to burn those they strike, causing extra
   injury to most foes and up to half again as much damage against particularly
   susceptible opponents.
   It insulates you from electricity.
Missiles
 q - 1582 bolts
Armour
 c - a +5 large shield of reflection (worn)
 i - the +0 pair of boots of Miracles (worn) {rF+ rC- Dex+3}
   (You found it on level 7 of Cocytus)

   It affects your dexterity (+3).
   It protects you from fire.
   It makes you vulnerable to cold.
 B - the +9 scales of the Dragon King (worn) {rPois rF+ rC+ MR+}
   (You acquired it on level 1 of the Crypt)

   It protects you from fire.
   It protects you from cold.
   It protects you from poison.
   It affects your resistance to hostile enchantments.
 F - a +2 helmet
 H - a +2 pair of gloves of archery (worn)
 J - a +1 cloak of magic resistance (worn)
Magical Staves
 o - an uncursed staff of wizardry
Jewellery
 d - the ring of Wineac (left hand) {rF+ rC+ Str+3 Dex-3}
   (You found it on level 3 of the Depths)

   [ring of dexterity]

   It affects your strength (+3).
   It affects your dexterity (-3).
   It protects you from fire.
   It protects you from cold.
 h - the ring "Haricwin" {Wiz Int+3}
   (You found it in Pandemonium)

   [ring of wizardry]

   It improves your spell success rate.
   It affects your intelligence (+3).
 j - the amulet of Giazowim {Acrobat -Tele rElec rC+ MR+}
   (You acquired it on level 2 of the Vaults)

   [amulet of the acrobat]

   It helps you evade while moving and waiting.
   It protects you from cold.
   It insulates you from electricity.
   It affects your resistance to hostile enchantments.
   It prevents most forms of teleportation.
 s - an uncursed ring of wizardry
 y - a ring of see invisible (right hand)
 R - the amulet of the Air (around neck) {Inacc +Fly rElec EV+5 RMsl}
   (You found it on level 7 of Cocytus)

   [amulet of inaccuracy]

   It reduces the accuracy of all your attacks.
   It affects your evasion (+5).
   It insulates you from electricity.
   It lets you fly.
   It protects you from missiles.
 S - the amulet of Wireuwn {rPois rF- Regen+ Str+5 Dex-3}
   (You found it in a treasure trove)

   [amulet of regeneration]

   It affects your strength (+5).
   It affects your dexterity (-3).
   It makes you vulnerable to fire.
   It protects you from poison.
   It increases your rate of regeneration.
 U - the ring of Iwnonun {rCorr rN++}
   (You found it in a treasure trove)

   [ring of resist corrosion]

   It greatly protects you from negative energy.
Wands
 l - a wand of digging (27)
 E - a wand of acid (37)
 Z - a wand of iceblast (66)
Scrolls
 a - 26 scrolls of teleportation
 e - 2 scrolls of fear
 m - 4 scrolls of torment
 t - 22 scrolls of remove curse
 u - 2 scrolls of summoning
 v - 6 scrolls of blinking
 x - 4 scrolls of amnesia
 A - a scroll of enchant weapon
 K - 3 scrolls of silence
 Y - 6 scrolls of fog
Potions
 g - 5 potions of berserk rage
 k - 3 potions of heal wounds
 n - a potion of ambrosia
 p - a potion of agility
 w - a potion of invisibility
 C - 2 potions of resistance
 G - 3 potions of brilliance
 O - 35 potions of curing
 T - 9 potions of cancellation
 W - 4 potions of magic
Miscellaneous
 b - a lightning rod (4/4)
 z - a lamp of fire
 L - 7 boxes of beasts
 M - a fan of gales
 N - a phial of floods
 P - 3 phantom mirrors
 V - the horn of Geryon
 X - 8 sacks of spiders
Comestibles
 f - 31 rations


   Skills:
 O Level 27 Fighting
 O Level 27 Maces & Flails
 O Level 27 Crossbows
 - Level 19.7 Armour
 - Level 26.4 Dodging
 O Level 27 Shields
 + Level 21.4 Earth Magic
 - Level 21.6 Evocations


You had 12 spell levels left.
You knew the following spells:

 Your Spells              Type           Power        Failure   Level  Hunger
a - Shatter               Erth           #####.....   100%        9    #######
b - Lee's Rapid Deconstr  Erth           #####.....   1%          5    ######.

Your spell library contained the following spells:

 Spells                   Type           Power        Failure   Level  Hunger
 Sandblast                Erth           #####.       1%          1    ##.....
 Passwall                 Tmut/Erth      ###.....     5%          2    ###....
 Stone Arrow              Conj/Erth      ###...       11%         3    ####...
 Leda's Liquefaction      Hex/Erth       ###.......   36%         4    #####..
 Petrify                  Tmut/Erth      ###.....     36%         4    #####..
 Borgnjor's Vile Clutch   Necr/Erth      ###.......   71%         5    ######.
 Animate Skeleton         Necr           N/A          96%         1    ##.....
 Apportation              Tloc           #.....       96%         1    ##.....
 Beastly Appendage        Tmut           #.....       96%         1    ##.....
 Confusing Touch          Hex            #.....       96%         1    ##.....
 Corona                   Hex            #......      96%         1    ##.....
 Flame Tongue             Conj/Fire      #....        96%         1    ##.....
 Freeze                   Ice            #...         96%         1    ##.....
 Infusion                 Chrm           #...         96%         1    ##.....
 Magic Dart               Conj           #...         96%         1    ##.....
 Pain                     Necr           #...         96%         1    ##.....
 Shock                    Conj/Air       #...         96%         1    ##.....
 Sting                    Conj/Pois      #...         96%         1    ##.....
 Summon Butterflies       Summ           #.......     96%         1    ##.....
 Summon Small Mammal      Summ           #...         96%         1    ##.....
 Blink                    Tloc           N/A          99%         2    ###....
 Call Imp                 Summ           #.......     99%         2    ###....
 Corpse Rot               Necr           N/A          99%         2    ###....
 Ensorcelled Hibernation  Hex/Ice        #.....       99%         2    ###....
 Poisonous Vapours        Pois/Air       #.....       99%         2    ###....
 Searing Ray              Conj           #.....       99%         2    ###....
 Shroud of Golubria       Chrm/Tloc      #.........   99%         2    ###....
 Slow                     Hex            #.......     99%         2    ###....
 Song of Slaying          Chrm           #.......     99%         2    ###....
 Sticks to Snakes         Tmut           #.......     99%         2    ###....
 Swiftness                Chrm/Air       #.......     99%         2    ###....
 Throw Flame              Conj/Fire      #.....       99%         2    ###....
 Throw Frost              Conj/Ice       #.....       99%         2    ###....
 Bolt of Magma            Conj/Fire/Erth ##........   99%         5    ######.
 Call Canine Familiar     Summ           #.......     100%        3    ####...
 Confuse                  Hex            #.......     100%        3    ####...
 Conjure Flame            Conj/Fire      #.......     100%        3    ####...
 Dazzling Spray           Conj/Hex       #.....       100%        3    ####...
 Gell's Gravitas          Tloc           #.........   100%        3    ####...
 Ignite Poison            Fire/Tmut/Pois #.......     100%        3    ####...
 Inner Flame              Hex/Fire       #.......     100%        3    ####...
 Lesser Beckoning         Tloc           #.........   100%        3    ####...
 Mephitic Cloud           Conj/Pois/Air  #.......     100%        3    ####...
 Ozocubu's Armour         Chrm/Ice       #.......     100%        3    ####...
 Portal Projectile        Hex/Tloc       #.....       100%        3    ####...
 Recall                   Summ/Tloc      N/A          100%        3    ####...
 Regeneration             Chrm/Necr      #.........   100%        3    ####...
 Spectral Weapon          Hex/Chrm       #.......     100%        3    ####...
 Spider Form              Tmut/Pois      #.........   100%        3    ####...
 Static Discharge         Conj/Air       #.......     100%        3    ####...
 Summon Guardian Golem    Hex/Summ       #.......     100%        3    ####...
 Tukima's Dance           Hex            #.......     100%        3    ####...
 Vampiric Draining        Necr           #.........   100%        3    ####...
 Airstrike                Air            #.........   100%        4    #####..
 Animate Dead             Necr           N/A          100%        4    #####..
 Cause Fear               Hex            #.........   100%        4    #####..
 Force Lance              Conj/Tloc      #.......     100%        4    #####..
 Fulminant Prism          Conj/Hex       #.........   100%        4    #####..
 Ice Form                 Ice/Tmut       #.......     100%        4    #####..
 Iskenderun's Mystic Bla  Conj           #.......     100%        4    #####..
 Olgreb's Toxic Radiance  Pois           #.......     100%        4    #####..
 Passage of Golubria      Tloc           N/A          100%        4    #####..
 Sticky Flame             Conj/Fire      #.......     100%        4    #####..
 Summon Ice Beast         Ice/Summ       #.......     100%        4    #####..
 Summon Lightning Spire   Summ/Air       #.......     100%        4    #####..
 Throw Icicle             Conj/Ice       #.......     100%        4    #####..
 Agony                    Necr           #.......     100%        5    ######.
 Alistair's Intoxication  Tmut/Pois      #.......     100%        5    ######.
 Aura of Abjuration       Summ           #.........   100%        5    ######.
 Blade Hands              Tmut           #.........   100%        5    ######.
 Bolt of Draining         Conj/Necr      #.........   100%        5    ######.
 Excruciating Wounds      Chrm/Necr      #.........   100%        5    ######.
 Fireball                 Conj/Fire      #.........   100%        5    ######.
 Irradiate                Conj/Tmut      #.........   100%        5    ######.
 Lightning Bolt           Conj/Air       #.........   100%        5    ######.
 Metabolic Englaciation   Hex/Ice        #.........   100%        5    ######.
 Silence                  Hex/Air        #.........   100%        5    ######.
 Summon Forest            Summ/Tloc      #.........   100%        5    ######.
 Summon Mana Viper        Hex/Summ       #.......     100%        5    ######.
 Venom Bolt               Conj/Pois      #.........   100%        5    ######.
 Yara's Violent Unravell  Hex/Tmut       #.........   100%        5    ######.
 Bolt of Cold             Conj/Ice       #.........   100%        6    #######
 Bolt of Fire             Conj/Fire      #.........   100%        6    #######
 Conjure Ball Lightning   Conj/Air       #.........   100%        6    #######
 Darkness                 Hex            #.........   100%        6    #######
 Death Channel            Necr           #.........   100%        6    #######
 Deflect Missiles         Chrm/Air       #.........   100%        6    #######
 Dispersal                Tloc           #.........   100%        6    #######
 Freezing Cloud           Conj/Ice/Air   #.........   100%        6    #######
 Hydra Form               Tmut           #.........   100%        6    #######
 Invisibility             Hex            #.......     100%        6    #######
 Ozocubu's Refrigeration  Ice            #.........   100%        6    #######
 Shadow Creatures         Summ           N/A          100%        6    #######
 Simulacrum               Ice/Necr       #.........   100%        6    #######
 Dragon Form              Tmut           #.........   100%        7    #######
 Haunt                    Necr/Summ      #.........   100%        7    #######
 Malign Gateway           Summ/Tloc      #.........   100%        7    #######
 Ring of Flames           Chrm/Fire      #.........   100%        7    #######
 Spellforged Servitor     Conj/Summ      #.........   100%        7    #######
 Summon Hydra             Summ           #.........   100%        7    #######
 Borgnjor's Revivificati  Necr           #.........   100%        8    #######
 Controlled Blink         Tloc           N/A          100%        8    #######
 Death's Door             Chrm/Necr      #.........   100%        8    #######
 Disjunction              Tloc           #.........   100%        8    #######
 Ignition                 Fire           #.........   100%        8    #######
 Infestation              Necr           #.........   100%        8    #######
 Necromutation            Tmut/Necr      #.........   100%        8    #######
 Dragon's Call            Summ           #.........   100%        9    #######
 Tornado                  Air            #.........   100%        9    #######
 Sublimation of Blood     Necr           Unusable     N/A         2    N/A
 Statue Form              Tmut/Erth      Unusable     N/A         6    N/A

Dungeon Overview and Level Annotations

Branches:
Dungeon (15/15)            Temple (1/1) D:6            Lair (6/6) D:9
  Swamp (4/4) Lair:3        Snake (4/4) Lair:3        Slime (5/5) Lair:6
    Orc (2/2) D:10            Elf (3/3) Orc:2        Vaults (5/5) D:14
  Crypt (3/3) Vaults:2       Tomb (2/3) Crypt:3      Depths (5/5) D:15
   Hell (1/1)                 Dis (7/7) Hell            Geh (7/7) Hell
    Coc (7/7) Hell            Tar (7/7) Hell            Zot (5/5) Depths:5

Altars:
Ashenzari
Cheibriados
Dithmenos
Elyvilon
Fedhas
Gozag
Hepliaklqana
Kikubaaqudgha
Makhleb
Nemelex Xobeh
Okawaru
Qazlal
Ru
Sif Muna
Trog
Uskayaw
Vehumet
Wu Jian
Xom
Yredelemnul
Zin
The Shining One
Beogh
Jiyva

Shops:
D:12 %   Orc:2 [(*=   Vaults:2 !   Vaults:4 *

Portals:
Hell: Depths:1 Depths:2 Depths:3 Depths:4 Depths:5
Abyss: Depths:3 Depths:4
Pandemonium: Depths:3
Ziggurat: Depths:2

Annotations:
D:9 1 runed door, colophon's ghost, journeyman KoEn


Innate Abilities, Weirdness & Mutations

You are resistant to torment.
Your stone body is resilient. (AC +20)
You are immune to poison.
Your large and strong wings let you fly indefinitely.
You resist negative energy. (rN+)
You are resistant to electric shocks. (rElec)
You can survive without breathing.
You are immune to petrification.
You are immune to rotting.
You have a pair of small antennae on your head.
You have very sharp teeth.
You are agile. (Dex +2)
Scrolls take you a little longer to read.
Your body sometimes deteriorates upon taking damage.
You are frail. (-10% HP)
Your magical capacity is low. (-10% MP)


Message History

* * * LOW HITPOINT WARNING * * *
The damnation engulfs the Brimstone Fiend.
The Brimstone Fiend completely resists.
You spin and attack the Brimstone Fiend repeatedly.
You hit the Brimstone Fiend.
The Brimstone Fiend's magic leaks into the air.
The Brimstone Fiend is covered in a thin layer of ice.
You bite the Brimstone Fiend, but do no damage.
The Brimstone Fiend is almost dead.
You hit the Brimstone Fiend.
You kill the Brimstone Fiend!
The Council accepts your kill.
Things that are here:
a quarterstaff; a robe Unknown command.
A large abomination comes into view.
A hellion comes into view.
The hellion gestures at you.
The sphere of damnation explodes!
The damnation engulfs you!
You die...

.......##.....#.....#.###
#.
.......#..2...##%.#####
#.
.......#.#.....#......#
##
...............#......#
.............(.#.....##.
...∩..........##.....'..
..............#.....##..
##.............#....# #'
y#...........@)#....#
##.......).....#..###
.........[#(#.##....
##########..(##.....#
........X..(......#
............(.....'
..#.......#..(..##
#.....=.#....'#
#......)#.##....


You could see a large abomination and a hellion.

Vanquished Creatures
  Cerebov (Pan)
  Antaeus (Coc:7)
  Asmodeus (Geh:7)
  the Royal Jelly (Slime:5)
  Ereshkigal (Tar:7)
  Gloorx Vloq (Pan)
  the Serpent of Hell (Tar:7)
  Mnoleg (Pan)
  Lom Lobon (Pan)
  Dispater (Dis:7)
  Mennas (Crypt:1)
  6 ancient liches
  3 orbs of fire
  A juggernaut (Depths:3)
  6 greater mummies
  Sojobo (Vaults:2)
  11 pandemonium lords (Pan)
  Frederick (Abyss:1)
  15 shard shrikes
  Saint Roka (Depths:1)
  Margery (Vaults:3)
  A curse toe (Zot:4)
  Geryon (Hell)
  9 golden dragons
  Jory (Crypt:1)
  16 bone dragons
  A profane servitor (Crypt:3)
  2 electric golems
  A shard shrike zombie (Crypt:1)
  43 Tzitzimimeh
  8 iron giants (Dis:7)
  15 doom hounds
  14 Hell Sentinels
  36 Brimstone Fiends
  18 tentacled monstrosities
  24 Ice Fiends
  17 liches
  2 deep elf blademasters (Elf:3)
  9 quicksilver dragons
  Gastronok (Lair:3)
  29 acid blobs
  13 titans
  Frances (Snake:2)
  6 sphinxes
  44 Executioners
  15 tentacled starspawn
  9 draconian monks
  16 storm dragons
  A thorn hunter (Swamp:3)
  3 eldritch tentacles
  7 ancient champions
  Agnes (Snake:1)
  17 shadow dragons
  9 death cobs
  5 nagarajas (Snake:4)
  14 tengu reavers
  7 warmongers (Pan)
  20 azure jellies
  Donald (Elf:1)
  9 deep elf sorcerers
  6 revenants
  15 frost giants
  15 fire giants
  7 draconian knights
  3 deep elf elementalists
  Louise (Snake:2)
  49 balrugs
  16 vault wardens
  39 cacodemons
  8 draconian scorchers
  5 iron dragons
  4 curse skulls
  12 black suns (Pan)
  2 orc warlords (Orc:1)
  14 draconian shifters
  3 ghost moths
  11 draconian annihilators
  7 draconian stormcallers
  12 ghouls
  65 reapers
  A spriggan defender (Depths:4)
  12 blood saints (Pan)
  18 ironheart preservers
  2 elemental wellsprings (Coc:7)
  19 war gargoyles
  20 stone giants
  19 very ugly things
  2 juggernaut skeletons
  An angel (Pan)
  13 black draconians
  An ophan (Abyss:1)
  12 corrupters (Pan)
  A minotaur (Elf:3)
  9 vampire knights
  13 green draconians
  8 deep elf demonologists
  13 deep elf annihilators
  A dire elephant (Vaults:1)
  11 purple draconians
  13 white draconians
  6 spark wasps (Depths:3)
  A spark wasp (shapeshifter) (Vaults:5)
  17 yellow draconians
  38 blizzard demons
  14 lorocyprocas
  16 red draconians
  An eidolon (Crypt:1)
  30 green deaths
  12 deep elf death magi
  2 merfolk javelineers (Depths:3)
  9 mummy priests
  5 crystal guardians (WizLab)
  18 ettins
  19 jiangshi
  5 death oozes (Slime:5)
  4 quicksilver dragon zombies
  4 fire dragons
  4 kraken zombies
  16 yaktaur captains
  11 great orbs of eyes
  14 ice dragons
  26 hydras
  8 monstrous demonspawn (Pan)
  4 deep elf high priests
  2 hell beasts (Pan)
  5 anacondas
  10 naga warriors
  Erica (D:9)
  Harold (D:9)
  Fannar (Lair:3)
  10 centaur warriors
  44 vault guards
  12 rakshasas
  7 quicksilver dragon skeletons
  The ghost of DrClinical the Cutter, a journeyman DsVM of Yredelemnul (Lair:3)
  7 spriggan air magi
  A spectral stone giant (Crypt:3)
  A catoblepas (D:12)
  30 two-headed ogres
  An alligator (shapeshifter) (Vaults:5)
  7 alligators
  10 death knights
  7 vampire magi
  3 deep troll shamans
  5 ghost crabs
  A tengu warrior (Elf:3)
  11 ogre magi
  13 death scarabs (Tomb:2)
  12 thrashing horrors
  7 titan zombies
  4 deep troll earth magi
  25 hell hogs
  31 dancing weapons
  29 deep elf knights
  4 orc high priests
  6 spriggan berserkers
  105 sun demons
  5 naga sharpshooters
  4 shock serpents
  Sonja (Lair:6)
  9 iron golems
  52 hell knights
  19 naga magi
  2 fire crabs (shapeshifter)
  2 spatial maelstroms
  65 soul eaters
  A salamander mystic (Snake:2)
  Nergalle (D:10)
  2 titan skeletons
  8 iron trolls (Dis:7)
  115 large abominations
  13 wretched stars
  15 shadow wraiths
  7 storm dragon zombies
  24 deep trolls
  163 skeletal warriors
  A spark wasp zombie (Depths:4)
  A ghost moth zombie (Geh:5)
  5 golden dragon zombies
  2 death drakes
  13 wizards
  4 storm dragon skeletons
  35 sixfirhies
  7 torturous demonspawn (Pan)
  3 unseen horrors
  9 glowing orange brains
  11 gelid demonspawn (Pan)
  11 anaconda zombies
  2 shambling mangroves (Swamp:4)
  31 shadow demons
  23 deep elf archers
  20 flayed ghosts
  9 infernal demonspawn (Pan)
  A spriggan druid (Swamp:4)
  3 swamp dragons
  41 starcursed masses
  15 orc knights
  3 naga ritualists
  31 phantasmal warriors
  4 shadow dragon zombies
  10 anaconda skeletons
  10 ironbrand convokers
  A tengu skeleton (Vaults:2)
  18 necromancers
  7 shadow dragon skeletons
  8 wolf spider zombies
  An oklob plant (Lair:6)
  5 stone giant zombies
  An orb spider (Abyss:1)
  An orb spider (shapeshifter) (Elf:2)
  83 deep elf magi
  2 mana vipers (Snake:3)
  A wolf spider (Vaults:4)
  10 orc sorcerers
  7 frost giant zombies
  19 moths of wrath
  7 shining eyes
  A mana viper (shapeshifter) (Depths:3)
  2 shining eyes (shapeshifter)
  12 golden dragon skeletons
  4 manticores
  6 fire giant zombies
  A manticore (shapeshifter) (Elf:3)
  6 iron dragon skeletons
  52 ugly things
  A shock serpent zombie (Tomb:1)
  A draconian (Abyss:3)
  An elephant (shapeshifter) (Depths:1)
  2 cyclopes
  4 iron dragon zombies
  25 rust devils
  2 dire elephant zombies
  15 fire giant skeletons
  7 salamanders
  11 frost giant skeletons
  4 worldbinders
  An ice statue (Coc:7)
  90 smoke demons
  4 centaur zombies
  3 elephants (Lair:6)
  5 apocalypse crabs
  10 stone giant skeletons
  A guardian serpent (shapeshifter) (Depths:1)
  3 guardian serpents
  A shock serpent skeleton (Geh:6)
  2 eyes of devastation
  A black mamba (shapeshifter) (Vaults:2)
  12 molten gargoyles
  5 gargoyles (WizLab)
  17 vault sentinels
  13 black mambas
  Joseph (D:7)
  3 catoblepas zombies
  4 dire elephant skeletons
  3 spectral swamp worms (Depths:4)
  A spriggan zombie (Depths:2)
  61 orange demons
  33 spiny frogs
  A green draconian zombie (Crypt:1)
  A minotaur zombie (Dis:7)
  6 rime drakes
  17 komodo dragons
  2 swamp worm zombies
  15 efreet
  3 emperor scorpion zombies
  46 hellions
  A kobold demonologist (D:12)
  37 tormentors
  44 yaktaurs
  27 guardian mummies
  45 freezing wraiths
  A black draconian zombie (Dis:1)
  4 human zombies
  A tengu conjurer (Depths:4)
  51 hellwings
  37 demonic crawlers
  A catoblepas skeleton (Geh:4)
  3 yaktaur skeletons
  67 red devils
  10 trolls
  18 hydra zombies
  53 ice devils
  A jumping spider (shapeshifter) (Depths:3)
  3 harpy zombies
  2 polar bears (Lair:6)
  5 ancient zymes
  7 silent spectres
  14 tyrant leeches
  4 harpy skeletons
  5 alligator zombies
  A queen bee (Depths:3)
  10 bog bodies
  16 hornets
  An iron dragon simulacrum (Depths:2)
  6 fire dragon zombies
  18 blink frogs
  3 ice dragon zombies
  7 dream sheep (Lair:6)
  A blink frog (shapeshifter) (Depths:3)
  24 hippogriffs
  2 stone giant simulacra
  4 ettin zombies
  A fire giant simulacrum (Coc:7)
  24 raiju
  30 small abominations
  A raiju (shapeshifter) (Depths:3)
  A hippogriff (shapeshifter) (Vaults:4)
  8 hydra skeletons
  111 slime creatures
  2 frost giant simulacra
  A snapping turtle (shapeshifter) (Elf:3)
  10 ettin skeletons
  3 black mamba zombies
  63 ynoxinuls
  2 ice dragon skeletons
  3 deep troll skeletons
  A spriggan (shapeshifter) (Depths:1)
  16 water elementals
  An air elemental (Elf:3)
  5 fire dragon skeletons
  A redback (shapeshifter) (Vaults:1)
  64 shadows
  3 vampires
  158 flying skulls
  5 spriggans
  9 wyverns
  54 yaks
  13 fire bats
  39 wraiths
  A golden eye (shapeshifter) (Vaults:1)
  6 golden eyes
  4 basilisks
  Eustachio (D:4)
  29 vampire mosquitoes
  55 chaos spawn
  28 fire elementals
  39 neqoxecs
  7 ushabtiu
  A steam dragon (D:11)
  2 merfolk zombies
  9 hungry ghosts
  6 insubstantial wisps (Abyss:1)
  25 swamp worms
  47 nagas
  4 acid dragons
  An infernal demonspawn zombie (Crypt:1)
  10 spatial vortices
  10 wargs
  A soldier ant (D:15)
  8 water moccasins
  A monstrous demonspawn zombie (Dis:6)
  A water moccasin (shapeshifter) (Vaults:5)
  56 hell hounds
  12 spiny frog zombies
  10 porcupines
  3 floating eyes
  53 orc warriors
  A monstrous demonspawn skeleton (Coc:7)
  8 swamp drakes
  3 alligator simulacra
  16 eyes of draining
  8 phantoms
  2 ice dragon simulacra (Abyss:1)
  9 ice beasts
  4 spiny frog skeletons
  2 manticore zombies
  2 ettin simulacra
  33 necrophages
  7 sky beasts
  4 snapping turtle zombies
  2 black bears
  An eye of draining (shapeshifter) (Vaults:2)
  26 ogres
  4 boggarts (Vaults:3)
  2 orc skeletons (Vaults:2)
  A swamp dragon zombie (Coc:2)
  A manticore skeleton (Pan)
  A tengu (shapeshifter) (Depths:3)
  7 human skeletons
  10 centaurs
  7 wolves (Lair:5)
  6 snapping turtle skeletons
  8 crocodiles
  2 swamp dragon skeletons
  6 big kobolds
  4 elf zombies
  28 bullfrogs
  9 earth elementals
  A spiny frog simulacrum (Coc:4)
  2 wyvern zombies (D:9)
  A glowing shapeshifter simulacrum (Vaults:1)
  A komodo dragon skeleton (Crypt:2)
  A water moccasin zombie (Swamp:4)
  A wyvern skeleton (D:15)
  3 human simulacra
  33 killer bees
  2 troll skeletons
  7 scorpions
  A troll zombie (Geh:4)
  4 electric eels
  2 howler monkeys
  A manticore simulacrum (Coc:5)
  76 wights
  21 crimson imps
  3 bullfrog zombies
  2 quasits
  22 orc wizards
  15 orc priests
  2 bullfrog skeletons
  9 centaur skeletons
  6 hounds
  4 jellies
  37 iron imps
  2 iguanas
  5 hell rats (Hell)
  10 worker ants
  A killer bee zombie (D:8)
  A demigod skeleton (Crypt:1)
  An ogre skeleton (Pan)
  A big kobold skeleton (Crypt:2)
  A naga skeleton (Geh:7)
  A naga zombie (Tar:7)
  35 mummies
  2 worker ant zombies
  A howler monkey zombie (D:10)
  3 gnolls (D:4)
  19 adders
  A howler monkey skeleton (D:11)
  A swamp drake zombie (Swamp:4)
  16 shadow imps
  18 white imps
  3 ufetubi
  7 oozes
  An adder zombie (D:9)
  A lava snake zombie (Crypt:2)
  An adder skeleton (D:5)
  A halfling skeleton (Crypt:2)
  8 worms
  A ball lightning (Pan)
  A barachi skeleton (Crypt:1)
  2 dart slugs
  A dart slug (shapeshifter) (Vaults:4)
  4 leopard geckos
  114 orcs
  11 ball pythons
  11 bats
  16 giant cockroaches
  7 goblins
  14 hobgoblins
  3 jackals (D:4)
  17 kobolds
  8 quokkas
  4 frilled lizards
  A giant cockroach zombie (Crypt:1)
  2 kobold skeletons
  2 kobold zombies
  10 rats
  3 briar patches (Swamp:3)
  A butterfly (D:11)
  7 crawling corpses
  4 fire vortices
  3 lurking horrors
  A plant (Lair:3)
  18 starspawn tentacles
  4 tentacles
5675 creatures vanquished.

Vanquished Creatures (collateral kills)
  A Tzitzimitl (Tar:7)
  The ghost of Chomsky the Severer, an adept DsFi of Jiyva (Elf:3)
  A blood saint (Pan)
  An iron dragon (Dis:7)
  2 cacodemons (Pan)
  3 black suns (Pan)
  A juggernaut zombie (Depths:4)
  An angel (Pan)
  A war gargoyle (Dis:7)
  A lorocyproca (Pan)
  A vampire knight (Crypt:1)
  A blizzard demon (Pan)
  A green death (Pan)
  3 vault guards (Vaults:5)
  An orc high priest (Orc:1)
  3 soul eaters (Pan)
  A deep elf knight (Depths:3)
  2 iron trolls (Dis:7)
  3 sixfirhies (Pan)
  4 skeletal warriors (Crypt:1)
  A wolf spider zombie (Dis:7)
  An iron dragon zombie (Dis:7)
  A large abomination (Pan)
  2 orc sorcerers (Depths:3)
  2 oklob plants (Lair:6)
  2 orange demons (Pan)
  A spectral swamp worm (Depths:4)
  2 red devils (Pan)
  A troll (Orc:2)
  A flying skull (Tar:7)
  2 ynoxinuls (Pan)
  A fire bat (Abyss:4)
  A yak (Lair:1)
  A warg (Orc:2)
  An orc warrior (Orc:2)
  An ogre (Orc:2)
  A snapping turtle skeleton (Dis:7)
  An iron imp (Dis:7)
  2 orcs
58 creatures vanquished.

Vanquished Creatures (others)
  Nikola (Snake:1)
  A lich (Tomb:2)
  A hellephant (Pan)
  An iron giant (Dis:7)
  3 Hell Sentinels
  2 deep elf master archers (Elf:3)
  An Executioner (Pan)
  6 eldritch tentacles
  An ancient champion (Crypt:1)
  A fire giant (Vaults:4)
  A draconian knight (Zot:1)
  A balrug (Pan)
  A stone giant (Vaults:5)
  A deep elf annihilator (Vaults:5)
  An ettin (Depths:4)
  A quicksilver dragon skeleton (Geh:7)
  2 centaur warriors
  An anaconda (Snake:1)
  43 death scarabs (Tomb:2)
  A hell hog (Geh:4)
  4 naga sharpshooters
  A soul eater (Pan)
  4 deep elf knights
  A hell knight (Vaults:3)
  2 swamp dragons (Swamp:4)
  2 deep elf archers
  A necromancer (Geh:6)
  2 cyclopes
  2 deep elf magi
  A smoke demon (Pan)
  A spectral swamp worm (Depths:4)
  A black mamba (Snake:4)
  An emperor scorpion zombie (Geh:7)
  A gargoyle (WizLab)
  A hellion (Geh:7)
  A molten gargoyle (Geh:7)
  8 yaktaurs
  A komodo dragon (Lair:1)
  A hydra zombie (Geh:6)
  A hellwing (Pan)
  2 raiju
  10 flying skulls (Tomb:2)
  2 ice dragon skeletons
  3 ynoxinuls (Pan)
  A shadow (Geh:7)
  A chaos spawn (Pan)
  A warg (Elf:2)
  A spatial vortex (Pan)
  2 nagas (Snake:4)
  2 hell hounds
  A swamp drake (Swamp:2)
  An ogre (Orc:2)
  2 centaurs
  A wight (Geh:1)
  A crimson imp (Geh:6)
  An orc wizard (D:15)
  A mummy (Tomb:2)
  7 ball lightnings
  2 orcs
  A kobold (D:13)
  2 demonic plants (Pan)
  2 fire vortices (Pan)
  10 fungi
  A lurking horror (Abyss:5)
  44 plants
  24 starspawn tentacles
  11 tentacles
245 creatures vanquished.

Grand Total: 5978 creatures vanquished

Notes
Turn   | Place    | Note
-------+----------+-------------------------------------------
     0 | D:1      | Yuikono the Gargoyle Fighter began the quest for the Orb.
     0 | D:1      | Reached XP level 1. HP: 14/14 MP: 1/1
    18 | D:1      | Reached XP level 2. HP: 19/19 MP: 2/2
   188 | D:1      | Reached XP level 3. HP: 21/24 MP: 3/3
   937 | D:2      | Reached XP level 4. HP: 25/29 MP: 4/4
  1775 | D:2      | Reached XP level 5. HP: 30/34 MP: 5/5
  2362 | D:3      | Reached XP level 6. HP: 28/40 MP: 6/6
  2363 | D:3      | Reached skill level 5 in Fighting
  2363 | D:3      | Reached skill level 5 in Armour
  2432 | D:3      | Found a glowing drain.
  2452 | Sewer    | Entered a sewer
  2685 | Sewer    | Reached XP level 7. HP: 44/44 MP: 7/7
  4182 | D:4      | Reached skill level 5 in Maces & Flails
  4278 | D:4      | Noticed Eustachio
  4301 | D:4      | Killed Eustachio
  4301 | D:4      | Reached XP level 8. HP: 46/52 MP: 8/8
  4942 | D:5      | Entered Level 5 of the Dungeon
  5805 | D:5      | Found a sacrificial altar of Ru.
  5844 | D:5      | Found a shattered altar of Ashenzari.
  5955 | D:5      | Found a glowing silver altar of Zin.
  7103 | D:6      | Found a blossoming altar of Fedhas.
  7206 | D:6      | Found a staircase to the Ecumenical Temple.
  7221 | Temple   | Entered the Ecumenical Temple
  7329 | D:6      | Reached XP level 9. HP: 59/59 MP: 9/9
  7386 | D:6      | Found an ancient bone altar of Kikubaaqudgha.
  7638 | D:7      | Found a blossoming altar of Fedhas.
  7663 | D:7      | Found an ornate altar of the Wu Jian Council.
  7674 | D:7      | Became a worshipper of the Wu Jian Council
  7691 | D:7      | Found a radiant altar of Vehumet.
  8096 | D:7      | Found a burning altar of Makhleb.
  8130 | D:7      | Noticed Joseph
  8143 | D:7      | Killed Joseph
  8212 | D:7      | Found an iron altar of Okawaru.
  8400 | D:7      | Found a basalt altar of Yredelemnul.
  8923 | D:8      | Found a deep blue altar of Sif Muna.
  8929 | D:8      | Killed an unseen horror
  8929 | D:8      | Reached XP level 10. HP: 30/67 MP: 10/10
  9126 | D:8      | Got a pitted crystal plate armour
  9129 | D:8      | Identified the cursed +1 crystal plate armour of the
                  | Morning Star {rF- rCorr Str+6 Int+2} (You found it on level
                  | 8 of the Dungeon)
  9218 | D:8      | Found a snail-covered altar of Cheibriados.
  9538 | D:9      | Noticed Harold
  9577 | D:9      | Killed Harold
  9577 | D:9      | Reached * piety under Wu Jian
  9577 | D:9      | Reached skill level 10 in Fighting
  9577 | D:9      | Reached skill level 1 in Evocations
  9581 | D:9      | Reached skill level 10 in Armour
 10137 | D:9      | Gained mutation: You passively map a small area around you.
                  | [potion of mutation]
 10137 | D:9      | Gained mutation: You are somewhat resistant to further
                  | mutation. [potion of mutation]
 10137 | D:9      | Gained mutation: You have large cloven feet. [potion of
                  | mutation]
 10162 | D:9      | Found a roughly hewn altar of Beogh.
 10193 | D:9      | Reached ** piety under Wu Jian
 10415 | D:9      | Noticed Erica
 10467 | D:9      | Killed Erica
 10568 | D:9      | Found a staircase to the Lair.
 10589 | D:9      | Reached XP level 11. HP: 73/73 MP: 13/13
 10603 | D:9      | Found a runed door.
 10605 | D:9      | Noticed colophon's ghost (journeyman KoEn)
 10743 | D:9      | Found a shadowy altar of Dithmenos.
 10859 | D:10     | Entered Level 10 of the Dungeon
 11002 | D:10     | Noticed Nergalle
 11020 | D:10     | Killed Nergalle
 11076 | D:10     | Found a staircase to the Orcish Mines.
 11783 | D:10     | Noticed a two-headed ogre
 11793 | D:10     | Killed a two-headed ogre
 12109 | D:10     | Reached skill level 10 in Maces & Flails
 12426 | D:11     | Noticed a cyclops
 12437 | D:11     | Killed a cyclops
 12688 | D:11     | Found a shimmering altar of Xom.
 12729 | D:11     | Reached *** piety under Wu Jian
 12738 | D:11     | Reached skill level 5 in Evocations
 12858 | D:11     | Found a runed door.
 13045 | D:11     | Found a runed door.
 13612 | D:12     | Found Qutudoit's Food Shoppe.
 13630 | D:12     | Noticed a skeletal warrior
 13633 | D:12     | Noticed a skeletal warrior
 13635 | D:12     | Noticed a skeletal warrior
 13645 | D:11     | Reached **** piety under Wu Jian
 13729 | D:12     | Noticed a manticore
 13741 | D:12     | Reached XP level 12. HP: 74/80 MP: 16/16
 14536 | D:12     | Noticed a four-headed hydra
 14546 | D:12     | Killed a four-headed hydra
 15571 | D:13     | Noticed a catoblepas
 15571 | D:13     | Noticed a catoblepas
 15582 | D:12     | Killed a catoblepas
 15686 | D:13     | Reached XP level 13. HP: 67/87 MP: 18/18
 16399 | D:13     | Reached ***** piety under Wu Jian
 17400 | D:14     | Found a gate to the Vaults.
 17400 | D:14     | Noticed a vault guard
 17400 | D:14     | Noticed a vault guard
 17400 | D:14     | Noticed a vault guard
 17414 | D:14     | Noticed a vault guard
 17429 | D:14     | Killed a vault guard
 17439 | D:14     | Killed a vault guard
 17449 | D:14     | Killed a vault guard
 17461 | D:14     | Killed a vault guard
 18470 | D:15     | Entered Level 15 of the Dungeon
 18854 | D:15     | Gained mutation: Your large and strong wings let you fly
                  | indefinitely. [Gargoyle growth]
 18854 | D:15     | Reached XP level 14. HP: 86/95 MP: 20/20
 19453 | D:15     | Found a staircase to the Depths.
 19453 | D:15     | Noticed a frost giant
 19820 | D:15     | Killed a frost giant
 20510 | Depths:1 | Entered Level 1 of the Depths
 20510 | Depths:1 | Noticed Saint Roka
 20511 | Depths:1 | Noticed a vampire knight
 20830 | Orc:1    | Entered Level 1 of the Orcish Mines
 20850 | Orc:1    | Found a roughly hewn altar of Beogh.
 21288 | Orc:2    | Entered Level 2 of the Orcish Mines
 21289 | Orc:2    | Noticed an orc warlord
 21614 | Orc:2    | Found Huomeos's General Store.
 22058 | Orc:1    | Killed an orc warlord
 22728 | Orc:2    | Paralysed by an orc sorcerer for 7 turns
 22728 | Orc:2    | Noticed an orc warlord
 23069 | Lair:1   | Entered Level 1 of the Lair of Beasts
 25286 | Lair:3   | Noticed Gastronok
 25338 | Lair:3   | Killed Gastronok
 25338 | Lair:3   | Reached skill level 10 in Evocations
 25616 | Lair:3   | Noticed Fannar
 25665 | Lair:3   | Killed Fannar
 25969 | Lair:3   | Found a staircase to the Swamp.
 26007 | Lair:3   | Reached XP level 15. HP: 66/101 MP: 22/22
 26221 | Lair:3   | Found a staircase to the Snake Pit.
 26237 | Lair:3   | Found a runed gate.
 26240 | Lair:3   | Found a runed gate.
 26241 | Lair:3   | Found a runed gate.
 26242 | Lair:3   | Noticed DrClinical's ghost (journeyman DsVM)
 26244 | Lair:3   | Found a snail-covered altar of Cheibriados.
 26275 | Lair:3   | Reached skill level 5 in Shields
 26736 | Lair:3   | Killed DrClinical's ghost
 26922 | Snake:1  | Entered Level 1 of the Snake Pit
 27209 | Snake:1  | Noticed Agnes
 27259 | Snake:1  | Killed Agnes
 27259 | Snake:1  | Reached skill level 15 in Fighting
 27298 | Snake:1  | Noticed Nikola
 27745 | Snake:1  | Reached skill level 15 in Armour
 27772 | Snake:1  | Killed Nikola
 28601 | Snake:2  | Noticed Louise
 28804 | Snake:2  | Killed Louise
 31807 | Snake:4  | Entered Level 4 of the Snake Pit
 32113 | Snake:4  | Reached XP level 16. HP: 108/109 MP: 23/23
 32750 | Snake:4  | Noticed a nagaraja
 32788 | Snake:4  | Killed a nagaraja
 32961 | Snake:4  | Noticed a nagaraja
 33148 | Snake:4  | Killed a nagaraja
 33612 | Snake:4  | Noticed a nagaraja
 33646 | Snake:4  | Killed a nagaraja
 33677 | Snake:4  | Noticed a nagaraja
 33693 | Snake:4  | Killed a nagaraja
 33802 | Snake:4  | Noticed a nagaraja
 33841 | Snake:4  | Killed a nagaraja
 34035 | Snake:4  | Got a serpentine rune of Zot
 34595 | Snake:1  | Noticed Frances
 34628 | Snake:2  | Killed Frances
 34628 | Snake:2  | Reached skill level 15 in Maces & Flails
 34723 | Swamp:1  | Entered Level 1 of the Swamp
 34878 | Swamp:1  | Identified the +9 whip of Arrival {drain, rC+ Str+3 Dex+2}
                  | (You found it on level 1 of the Swamp)
 35725 | Swamp:2  | Reached skill level 10 in Shields
 36074 | Swamp:2  | Reached XP level 17. HP: 90/116 MP: 24/24
 37138 | Swamp:4  | Entered Level 4 of the Swamp
 37281 | Swamp:4  | Reached ****** piety under Wu Jian
 37721 | Swamp:4  | Noticed a tentacled monstrosity
 37764 | Swamp:4  | Killed a tentacled monstrosity
 37912 | Swamp:4  | Got a decaying rune of Zot
 39838 | Lair:5   | Reached XP level 18. HP: 116/124 MP: 25/25
 40341 | Lair:6   | Entered Level 6 of the Lair of Beasts
 40391 | Lair:6   | Noticed Sonja
 40403 | Lair:6   | Killed Sonja
 40412 | Lair:6   | Found a staircase to the Slime Pits.
 41199 | Slime:1  | Entered Level 1 of the Pits of Slime
 41437 | Orc:1    | Paralysed by an orc sorcerer for 7 turns
 41921 | Orc:2    | Found Qoxup's Antique Armour Boutique.
 42074 | Orc:2    | Bought a scroll of identify for 26 gold pieces
 42074 | Orc:2    | Bought a scroll of identify for 26 gold pieces
 42121 | Orc:2    | Found a staircase to the Elven Halls.
 42195 | Orc:2    | Found Qiaroso's Jewellery Shop.
 42374 | Orc:2    | Found Vugew's Antique Weapon Shoppe.
 42496 | Elf:1    | Entered Level 1 of the Elven Halls
 42809 | Elf:1    | Identified Muhoir's Compendium of Unholy Rituals
 43098 | Elf:1    | Found a portal to a secret trove of treasure.
 43157 | Elf:1    | Noticed Donald
 43182 | Elf:1    | Killed Donald
 44201 | Elf:2    | Reached XP level 19. HP: 122/130 MP: 26/26
 44248 | Elf:2    | Found a flickering gateway to a bazaar.
 44260 | Bazaar   | Entered a bazaar
 44262 | Bazaar   | Found Agapnuv's Antique Weapon Boutique.
 44266 | Bazaar   | Found Giconk's Assorted Antiques.
 44266 | Bazaar   | Found Gaefani's Gadget Boutique.
 44266 | Bazaar   | Found Reriupsi's Weapon Boutique.
 44302 | Bazaar   | Bought a runed mace for 150 gold pieces
 44310 | Bazaar   | Bought a wand of acid (5) for 198 gold pieces
 44310 | Bazaar   | Bought a wand of disintegration (12) for 176 gold pieces
 44318 | Bazaar   | Bought a scroll of identify for 54 gold pieces
 44318 | Bazaar   | Bought a glowing bone amulet for 135 gold pieces
 44318 | Bazaar   | Bought a scroll of remove curse for 81 gold pieces
 44318 | Bazaar   | Bought a scroll labeled JOALUDI GEIBB for 27 gold pieces
 44536 | Elf:2    | Found a runed gate.
 44536 | Elf:2    | Found a runed gate.
 44628 | Elf:2    | Found a runed gate.
 44980 | Elf:2    | Cast into level 3 of the Abyss (glaive of distortion)
 45811 | Abyss:4  | Noticed a tentacled monstrosity
 45840 | Abyss:5  | Entered Level 5 of the Abyss
 45940 | Elf:2    | Escaped the Abyss
 46737 | Elf:3    | Entered Level 3 of the Elven Halls
 46868 | Elf:3    | Reached XP level 20. HP: 139/139 MP: 27/27
 47447 | Elf:3    | Identified the ring "Ving" {+Blink +Fly rC+ Str-5} (You
                  | took it off a deep elf mage on level 3 of the Elven Halls)
 47705 | Elf:3    | Reached skill level 15 in Shields
 47767 | Elf:3    | Noticed a Tzitzimitl
 48570 | Elf:3    | Got a scorched lajatang {slice}
 48573 | Elf:3    | Got a scorched leather armour
 48587 | Elf:3    | Identified the +2 leather armour "Yxehu" {rC+++ rCorr Str+4
                  | Int-2} (You took it off a deep elf mage on level 3 of the
                  | Elven Halls)
 48598 | Elf:3    | Identified the +2 lajatang of Ikhlufor {slice, *Contam
                  | +Rage +Fly Str+2} (You took it off a deep elf death mage on
                  | level 3 of the Elven Halls)
 48640 | Elf:3    | Identified the Compendium of Good Luck and the Voyage
 48643 | Elf:3    | Identified Ukiet's Tome of Ashen Snow
 48717 | Elf:3    | Identified the Collected Works on Flamy Calling
 48720 | Elf:3    | Identified the Almanac of Twisted Confrontation
 48799 | Elf:3    | Got a pitted trident
 48803 | Elf:3    | Identified the +1 trident of Qoabiga {elec, -Tele *Slow
                  | rC+++ Int+4} (You found it on level 3 of the Elven Halls)
 48979 | Elf:3    | Found a runed gate.
 48979 | Elf:3    | Found a runed gate.
 48979 | Elf:3    | Found an iron altar of Okawaru.
 48979 | Elf:3    | Found a runed gate.
 48979 | Elf:3    | Noticed Chomsky's ghost (adept DsFi)
 48980 | Elf:3    | Found the +5 demon whip "Spellbinder" {antimagic, MR+}
 49062 | Elf:3    | Paralysed by a floating eye for 3 turns
 49069 | Elf:3    | Paralysed by a floating eye for 2 turns
 49080 | Elf:3    | Paralysed by a floating eye for 4 turns
 49301 | Elf:3    | Killed Chomsky's ghost
 49580 | Elf:3    | Got an ancient demon trident
 49582 | Elf:3    | Got a steaming leather armour
 49583 | Elf:3    | Identified the +8 demon trident "Hanis" {flame, rC++ Str+4}
                  | (You found it on level 3 of the Elven Halls)
 49594 | Elf:3    | Identified the +1 leather armour of the Four Realms {*Drain
                  | +Inv rF+ SInv} (You found it on level 3 of the Elven Halls)
 49955 | Elf:2    | Identified the +2 robe "Giomma" {rElec rF- rC+} (You found
                  | it on level 2 of the Elven Halls)
 50935 | Depths:1 | Killed Saint Roka
 51457 | Depths:1 | Reached skill level 1 in Crossbows
 51476 | Depths:1 | Identified Vauvysor's Handbook of Damaging Intoxication
 51536 | Depths:1 | Reached XP level 21. HP: 132/145 MP: 28/28
 51691 | Depths:1 | Reached skill level 5 in Crossbows
 53492 | Depths:1 | Found a gateway to Hell.
 53685 | Depths:2 | Found a gateway to a ziggurat.
 54637 | Depths:3 | Reached skill level 10 in Crossbows
 55431 | Depths:3 | Noticed a golden dragon
 55499 | Depths:3 | Found a runed door.
 56057 | Depths:3 | Paralysed by a vampire knight for 4 turns
 56075 | Depths:3 | Killed a golden dragon
 56506 | Depths:4 | Reached XP level 22. HP: 138/152 MP: 29/29
 56591 | Depths:4 | Found a one-way gate to the infinite horrors of the Abyss.
 57532 | Depths:5 | Entered Level 5 of the Depths
 58938 | Depths:5 | Found a gate to the Realm of Zot.
 59264 | Vaults:1 | Entered Level 1 of the Vaults
 60156 | Vaults:1 | Reached skill level 15 in Crossbows
 60420 | Vaults:1 | Identified the Papyrus of Shifting Weightlessness
 60535 | Vaults:1 | Reached XP level 23. HP: 151/156 MP: 9/30
 60965 | Vaults:2 | Found Fafi's Distillery.
 61453 | Vaults:2 | Identified the amulet of Giazowim {Acrobat -Tele rElec rC+
                  | MR+} (You acquired it on level 2 of the Vaults)
 61749 | Vaults:2 | Found a staircase to the Crypt.
 61959 | Vaults:2 | Identified the +10 glaive "Ahetoir" {chop, rN+ MR+ Str-3
                  | Int+3} (You took it off an ironbrand convoker on level 2 of
                  | the Vaults)
 62995 | Vaults:3 | Found a magical portal.
 63030 | WizLab   | Entered Doroklohe's Tomb
 64105 | WizLab   | Got a twisted chain mail
 64126 | WizLab   | Got a heavily runed plate armour
 64202 | WizLab   | Identified the +6 chain mail of Instinct {+Blink rF+ rC+
                  | MR+} (You found it in a wizard's laboratory)
 64233 | WizLab   | Identified the +1 plate armour "Paarphyu" {rF+ Dex+4
                  | Stlth+} (You found it in a wizard's laboratory)
 64591 | Vaults:3 | Reached skill level 1 in Dodging
 65153 | Vaults:3 | Noticed Margery
 65369 | Vaults:3 | Killed Margery
 65486 | Vaults:3 | Noticed Frederick
 65488 | Vaults:3 | Banished Frederick
 65734 | Vaults:3 | Reached skill level 5 in Dodging
 66103 | Vaults:4 | Reached XP level 24. HP: 152/162 MP: 30/30
 67003 | Vaults:4 | Reached skill level 10 in Dodging
 67464 | Vaults:4 | Identified the Almanac of the Rocks and Transmutation
 67611 | Vaults:4 | Found Timus's Assorted Antiques.
 67632 | Vaults:4 | Bought a shiny buckler for 225 gold pieces
 67632 | Vaults:4 | Bought a scroll of remove curse for 90 gold pieces
 67950 | Vaults:5 | Entered Level 5 of the Vaults
 68078 | Vaults:5 | Reached XP level 25. HP: 139/168 MP: 30/30
 68186 | Vaults:5 | Reached skill level 15 in Dodging
 68580 | Vaults:5 | Noticed an ancient lich
 68587 | Vaults:5 | Killed an ancient lich
 68830 | Vaults:5 | Reached XP level 26. HP: 120/173 MP: 30/30
 69091 | Vaults:5 | Got a silver rune of Zot
 70113 | Vaults:5 | Identified the +1 leather armour "Savvud" {rPois rCorr
                  | Int+7 Dex-4} (You took it off an ironheart preserver on
                  | level 5 of the Vaults)
 70489 | Crypt:1  | Entered Level 1 of the Crypt
 70489 | Crypt:1  | Noticed Sojobo
 70516 | Vaults:2 | Killed Sojobo
 70790 | Crypt:1  | Noticed Jory
 71225 | Crypt:1  | Killed Jory
 71314 | Crypt:1  | Noticed Mennas
 71350 | Crypt:1  | Killed Mennas
 71792 | Crypt:1  | Found the +9 scales of the Dragon King {rPois rF+ rC+ MR+}
 73123 | Crypt:2  | Found a basalt altar of Yredelemnul.
 73449 | Crypt:3  | Entered Level 3 of the Crypt
 73886 | Crypt:3  | Found a basalt altar of Yredelemnul.
 74361 | Crypt:3  | Got a transparent mace
 74364 | Crypt:3  | Got a shimmering marble ring
 74364 | Crypt:3  | Got a glittering iron ring
 74364 | Crypt:3  | Got a vibrating tin ring
 74378 | Crypt:3  | Identified the ring "Veplahyg" {rElec rN+ Str+3} (You found
                  | it on level 3 of the Crypt)
 74380 | Crypt:3  | Identified the ring of Tuazxek {rC+ rN+ Dex+2} (You found
                  | it on level 3 of the Crypt)
 74382 | Crypt:3  | Identified the ring "Wesetao" {rPois rN+ Str-5 Int+10
                  | Dex-4} (You found it on level 3 of the Crypt)
 74515 | Crypt:3  | Reached XP level 27. HP: 179/179 MP: 30/30
 74643 | Crypt:3  | Identified the cursed +1 mace "Jeph" {flame, MR+} (You
                  | found it on level 3 of the Crypt)
 74646 | Crypt:3  | Got an ichor-stained falchion
 74647 | Crypt:3  | Identified the +5 falchion of Prudence {slice, rElec MR-
                  | Dex+10} (You found it on level 3 of the Crypt)
 74691 | Crypt:3  | Found a staircase to the Tomb.
 74691 | Crypt:3  | Noticed an ancient lich
 74704 | Crypt:3  | Killed an ancient lich
 74718 | Crypt:3  | Identified the Incunabulum of Unholy Rites
 74980 | Crypt:3  | Got a scintillating glass ring
 74983 | Crypt:3  | Got a brightly glowing demon blade
 74984 | Crypt:3  | Identified the +8 demon blade of Gallantry {elec, rF+} (You
                  | found it on level 3 of the Crypt)
 74987 | Crypt:3  | Identified the ring "Xumn" {rC+ MP+9 Str+7} (You found it
                  | on level 3 of the Crypt)
 75062 | Tomb:1   | Entered Level 1 of the Tomb of the Ancients
 75854 | Tomb:1   | Noticed a greater mummy
 75872 | Tomb:1   | Killed a greater mummy
 76214 | Tomb:1   | Noticed a greater mummy
 76237 | Tomb:1   | Killed a greater mummy
 77107 | Tomb:2   | Noticed a greater mummy
 77107 | Tomb:2   | Noticed a greater mummy
 77107 | Tomb:2   | Noticed a greater mummy
 77111 | Tomb:2   | Noticed a greater mummy
 77115 | Tomb:2   | Killed a greater mummy
 78059 | Depths:2 | Gained mutation: Your movements are slightly less
                  | encumbered by armour. (ER -2) [a shining eye]
 78333 | Depths:3 | Identified Kikubaaqudgha's Catalogue of Black Secrets
 78336 | Depths:3 | Identified the Papyrus of Frigorific Ignition
 78392 | Depths:3 | Noticed a juggernaut
 78403 | Depths:3 | Killed a juggernaut
 78433 | Depths:3 | Identified the cursed ring of Wineac {rF+ rC+ Str+3 Dex-3}
                  | (You found it on level 3 of the Depths)
 78474 | Depths:3 | Found a one-way gate leading to the halls of Pandemonium.
 78555 | Depths:3 | Identified the Handbook of Unholy Combat Magic
 78610 | Depths:3 | Got a smoking chain mail
 78621 | Depths:3 | Identified the +1 chain mail of Untruth {rElec rCorr Str+2
                  | Stlth+} (You found it on level 3 of the Depths)
 80151 | Vaults:2 | Bought a potion of haste for 160 gold pieces
 80151 | Vaults:2 | Bought a potion of ambrosia for 128 gold pieces
 80151 | Vaults:2 | Bought a potion of curing for 48 gold pieces
 80151 | Vaults:2 | Bought a potion of agility for 64 gold pieces
 80151 | Vaults:2 | Bought a potion of curing for 48 gold pieces
 80151 | Vaults:2 | Bought a potion of ambrosia for 128 gold pieces
 80151 | Vaults:2 | Bought a potion of heal wounds for 80 gold pieces
 80151 | Vaults:2 | Bought a potion of cancellation for 128 gold pieces
 80151 | Vaults:2 | Bought 2 potions of berserk rage for 160 gold pieces
 81181 | Depths:3 | Voluntarily entered the Abyss.
 81214 | Abyss:1  | Found a corrupted altar of Lugonu.
 81219 | Abyss:1  | Found a corrupted altar of Lugonu.
 81587 | Abyss:1  | Paralysed by accursed screaming for 1 turns
 82609 | Abyss:3  | Got an abyssal rune of Zot
 82651 | Abyss:5  | Entered Level 5 of the Abyss
 82690 | Abyss:5  | Gained mutation: You are frail. (-10% HP) [a neqoxec]
 82708 | Abyss:5  | Paralysed by you for 3 turns
 82821 | Depths:3 | Escaped the Abyss
 83784 | Elf:1    | You paid a toll of +4 shadow dragon scales to enter a
                  | treasure trove
 83785 | Trove    | Entered a treasure trove
 83793 | Trove    | Got a faintly glowing steel ring
 83795 | Trove    | Got a sparkling glass ring
 83801 | Trove    | Got a warped gossamer ring
 83807 | Trove    | Got a scorched jade amulet
 83809 | Trove    | Got a pitted tin ring
 83811 | Trove    | Got a faintly glowing pewter ring
 83813 | Trove    | Got a crude brass ring
 83815 | Trove    | Got a clouded marble ring
 83826 | Trove    | Identified the ring of Doxacutt {rCorr rF++ Str-5} (You
                  | found it in a treasure trove)
 83827 | Trove    | Identified the ring "Hoxur" {rCorr Str+3} (You found it in
                  | a treasure trove)
 83834 | Trove    | Identified the amulet of Wireuwn {rPois rF- Regen+ Str+5
                  | Dex-3} (You found it in a treasure trove)
 83835 | Trove    | Identified the ring "Ygainnez" {Str+9 Int-2 Dex+5} (You
                  | found it in a treasure trove)
 83839 | Trove    | Identified the ring of Iwnonun {rCorr rN++} (You found it
                  | in a treasure trove)
 83840 | Trove    | Identified the ring "Vuivin" {AC+6 Int+4 Stlth+} (You found
                  | it in a treasure trove)
 83842 | Trove    | Identified the ring "Ravautz" {+Inv rC+ Int+4} (You found
                  | it in a treasure trove)
 83844 | Trove    | Identified the ring "Exkyosau" {+Fly rN+} (You found it in
                  | a treasure trove)
 85857 | Slime:5  | Entered Level 5 of the Pits of Slime
 86230 | Slime:5  | Gained mutation: You occasionally shout uncontrollably at
                  | your foes. [a shining eye]
 86260 | Slime:5  | Noticed the Royal Jelly
 86950 | Slime:5  | Found a viscous altar of Jiyva.
 87509 | Slime:5  | Killed the Royal Jelly
 87841 | Slime:5  | Identified Cireub's Reference Book on Nocuous Stolen Souls
 87855 | Slime:5  | Got a slimy rune of Zot
 87947 | Slime:5  | Got a twisted chain mail
 87974 | Slime:5  | Identified the cursed +0 chain mail of Past Mistakes
                  | {+Blink rElec rC+} (You found it on level 5 of the Pits of
                  | Slime)
 89812 | Tomb:2   | Killed a greater mummy
 90606 | Zot:1    | Entered Level 1 of the Realm of Zot
 90808 | Depths:5 | Lost mutation: You occasionally shout uncontrollably at
                  | your foes. [potion of mutation]
 90808 | Depths:5 | Lost mutation: You have large cloven feet. [potion of
                  | mutation]
 90808 | Depths:5 | Lost mutation: You are frail. (-10% HP) [potion of
                  | mutation]
 91032 | Zot:1    | Noticed an orb of fire
 91033 | Zot:1    | Killed an orb of fire
 94848 | Zot:4    | Noticed an orb of fire
 94863 | Zot:3    | Killed an orb of fire
 96373 | Zot:4    | Identified the +0 cloak of the Gusle {+Fly rCorr Str+4
                  | Dex-5} (You found it on level 4 of the Realm of Zot)
 96562 | Zot:4    | Noticed an orb of fire
 96579 | Zot:4    | Killed an orb of fire
 97391 | Zot:5    | Entered Level 5 of the Realm of Zot
 97622 | Pan      | Entered Pandemonium
 97662 | Pan      | Gained mutation: You have sharp fingernails. [a cacodemon]
 98179 | Pan      | Noticed Loprumm the pandemonium lord
 98202 | Pan      | Killed Loprumm the pandemonium lord
 98372 | Pan      | Got a transparent dagger
 98373 | Pan      | Identified the +8 dagger of Wounding {freeze, rElec rC+}
                  | (You found it in Pandemonium)
 98760 | Pan      | Gained mutation: Your body sometimes deteriorates upon
                  | taking damage. [a neqoxec]
 98963 | Pan      | Noticed Fuublyo the pandemonium lord
 99014 | Pan      | HP: 6/195 [smoke demon/divine providence (11)]
 99022 | Pan      | HP: 8/195 [blizzard demon/bolt of lightning (1)]
 99072 | Pan      | Killed Fuublyo the pandemonium lord
100524 | Pan      | Noticed Miorhe the pandemonium lord
100542 | Pan      | Killed Miorhe the pandemonium lord
101144 | Pan      | Got a demonic rune of Zot
101473 | Pan      | Noticed Rauqimar the pandemonium lord
101494 | Pan      | Killed Rauqimar the pandemonium lord
102046 | Depths:3 | Escaped Pandemonium
102579 | Pan      | Entered Pandemonium
102864 | Pan      | Found a runed door.
103109 | Pan      | Found a runed door.
103197 | Pan      | Found a runed door.
103282 | Pan      | Found a runed door.
103315 | Pan      | Noticed Zuceisoa the pandemonium lord
103351 | Pan      | Killed Zuceisoa the pandemonium lord
103506 | Pan      | Got a distressingly furry ring mail
103517 | Pan      | Identified the +9 ring mail "Siofenu" {rElec Str-4 Int+5}
                  | (You found it in Pandemonium)
103588 | Pan      | Noticed Pac Mola the pandemonium lord
103602 | Pan      | Killed Pac Mola the pandemonium lord
105805 | Pan      | Noticed Gaapsuc the pandemonium lord
105813 | Pan      | Killed Gaapsuc the pandemonium lord
108521 | Pan      | Got a warped silver ring
108523 | Pan      | Identified the ring of Ofaixop {rElec rC+ Int+7} (You found
                  | it in Pandemonium)
108976 | Pan      | Noticed Ujivoofi the pandemonium lord
108993 | Pan      | Reached skill level 27 in Fighting
108997 | Pan      | Killed Ujivoofi the pandemonium lord
109748 | Pan      | Entered the realm of Gloorx Vloq.
109755 | Pan      | Noticed Gloorx Vloq
109767 | Pan      | Killed Gloorx Vloq
110252 | Pan      | Found an exit through the horrors of the Abyss.
110851 | Pan      | Got a dark rune of Zot
111154 | Pan      | Gained mutation: You are clumsy. (Dex -2) [a neqoxec]
111480 | Pan      | Noticed Luoclesk the pandemonium lord
111483 | Pan      | Killed Luoclesk the pandemonium lord
111619 | Pan      | Entered the realm of Lom Lobon.
114536 | Pan      | Noticed Lom Lobon
114552 | Pan      | Killed Lom Lobon
114572 | Pan      | Got a magical rune of Zot
115056 | Pan      | Entered the realm of Cerebov.
115367 | Pan      | Noticed Ignacio
115383 | Pan      | Noticed Ignacio
115383 | Pan      | Ignacio changed into Ignacio the Brimstone Fiend
115392 | Pan      | Killed Ignacio the Brimstone Fiend
116128 | Pan      | Identified the +2 leather armour "Lumuumal" {*Slow +Inv
                  | Regen+} (You found it in Pandemonium)
116130 | Pan      | Identified the +2 ring mail of Cowardice {rC+ rCorr} (You
                  | found it in Pandemonium)
116812 | Pan      | Got a warped hand axe
116815 | Pan      | Got a pitted dagger
116818 | Pan      | Got a polished fustibalus
116821 | Pan      | Got a slimy short sword
116822 | Pan      | Identified the +6 dagger "Eri Zuakk" {venom, MR+} (You
                  | found it in Pandemonium)
116823 | Pan      | Identified the +8 hand axe "Newtbane" {venom, Str+4} (You
                  | found it in Pandemonium)
116824 | Pan      | Identified the +2 fustibalus "Orb Guardian's Curse" {flame,
                  | Str-4 Int+3 Dex+3} (You found it in Pandemonium)
116825 | Pan      | Identified the +2 short sword "Uduidgh" {elec, +Blink +Rage
                  | rElec Int+3} (You found it in Pandemonium)
117038 | Pan      | Noticed Cerebov
117082 | Pan      | Killed Cerebov
117082 | Pan      | Reached skill level 27 in Shields
117176 | Pan      | Got a fiery rune of Zot
117469 | Pan      | Entered the realm of Mnoleg.
117655 | Pan      | Found an exit through the horrors of the Abyss.
117725 | Pan      | Gained mutation: You are weak. (Str -2) [a neqoxec]
117826 | Pan      | Noticed Mnoleg
117835 | Pan      | Killed Mnoleg
117921 | Pan      | Got a glowing rune of Zot
118421 | Pan      | Took an exit into the Abyss.
118421 | Abyss:1  | Escaped into the Abyss
118434 | Depths:3 | Escaped the Abyss
118508 | Hell     | Entered the Vestibule of Hell
118508 | Hell     | Noticed Geryon
118514 | Hell     | Killed Geryon
118929 | Hell     | Reached skill level 27 in Maces & Flails
119031 | Hell     | Found a gateway to the freezing wastes of Cocytus.
119102 | Hell     | Found a gateway to the Iron City of Dis.
119201 | Hell     | Found a gateway to the decaying netherworld of Tartarus.
119232 | Hell     | Found a gateway to the ashen valley of Gehenna.
119286 | Coc:1    | Entered Level 1 of Cocytus
119344 | Coc:1    | You are sucked into a shaft!
120014 | Coc:7    | Entered Level 7 of Cocytus
120421 | Coc:7    | Found the +2 Maxwell's thermic engine {flame, freeze}
121126 | Coc:7    | Noticed Antaeus
121142 | Coc:7    | Killed Antaeus
121143 | Coc:7    | Found the amulet of the Air {Inacc +Fly rElec EV+5 RMsl}
121379 | Coc:7    | Got an icy rune of Zot
121382 | Coc:7    | Identified the Incunabulum of Noxious Combat Magic
121408 | Coc:7    | Got a pair of shimmering boots
121419 | Coc:7    | Identified the cursed +0 pair of boots of Miracles {rF+ rC-
                  | Dex+3} (You found it on level 7 of Cocytus)
121439 | Coc:7    | Identified the amulet of Rarur {Regen+ Dex+4} (You found it
                  | on level 7 of Cocytus)
121856 | Geh:1    | Entered Level 1 of Gehenna
123598 | Geh:6    | Reached skill level 15 in Evocations
124411 | Geh:7    | Entered Level 7 of Gehenna
126186 | Geh:7    | Identified the cursed +2 rapier "Cecrof" {pierce, rC+ MR+
                  | SInv} (You found it on level 7 of Gehenna)
127015 | Geh:7    | Identified the +7 plate armour "Jucleas" {rElec rPois} (You
                  | took it off a red devil on level 7 of Gehenna)
127078 | Geh:7    | Noticed Asmodeus
127157 | Geh:7    | Killed Asmodeus
127219 | Geh:7    | Got an obsidian rune of Zot
127244 | Geh:7    | Identified the ring "Deypi" {rN+ Str+4 Int+5} (You found it
                  | on level 7 of Gehenna)
127494 | Tar:1    | Entered Level 1 of Tartarus
129298 | Tar:7    | Entered Level 7 of Tartarus
129499 | Tar:7    | Noticed an ancient lich
129512 | Tar:7    | Killed an ancient lich
129990 | Tar:7    | Noticed an ancient lich
130005 | Tar:7    | Killed an ancient lich
130118 | Tar:7    | Lost mutation: Your body sometimes deteriorates upon taking
                  | damage. [potion of mutation]
130118 | Tar:7    | Lost mutation: You are clumsy. (Dex -2) [potion of
                  | mutation]
130118 | Tar:7    | Lost mutation: You have sharp fingernails. [potion of
                  | mutation]
130118 | Tar:7    | Lost mutation: You are weak. (Str -2) [potion of mutation]
130118 | Tar:7    | Gained mutation: You have sharp toenails. [potion of
                  | mutation]
130216 | Tar:7    | Identified the cursed +1 hand crossbow "Vatocebb" {venom,
                  | Dex+3} (You found it on level 7 of Tartarus)
130220 | Tar:7    | Identified the ring "Dutoesy" {+Fly rElec rF+ MR-} (You
                  | found it on level 7 of Tartarus)
130470 | Tar:7    | Got a fine steel ring
130473 | Tar:7    | Identified the ring "Xana" {+Fly rF+ Str+3 Stlth+} (You
                  | found it on level 7 of Tartarus)
130548 | Tar:7    | Found the +7 longbow "Piercer" {penet, EV-2}
130698 | Tar:7    | Gained mutation: Your body sometimes deteriorates upon
                  | taking damage. [mutagenic glow]
130850 | Tar:7    | Found the +6 arbalest "Damnation" {damnation}
130864 | Tar:7    | Noticed the Serpent of Hell
130884 | Tar:7    | Killed the Serpent of Hell
131155 | Tar:7    | Noticed Ereshkigal
131174 | Tar:7    | Killed Ereshkigal
131206 | Tar:7    | Got a bone rune of Zot
131348 | Dis:1    | Entered Level 1 of the Iron City of Dis
132043 | Dis:7    | Entered Level 7 of the Iron City of Dis
132087 | Dis:7    | Gained mutation: Armour fits poorly on your strangely
                  | shaped body. [mutagenic glow]
132273 | Dis:7    | Reached skill level 27 in Crossbows
132351 | Dis:7    | Lost mutation: Your body sometimes deteriorates upon taking
                  | damage. [potion of mutation]
132351 | Dis:7    | Lost mutation: Armour fits poorly on your strangely shaped
                  | body. [potion of mutation]
132351 | Dis:7    | Lost mutation: Your movements are slightly less encumbered
                  | by armour. (ER -2) [potion of mutation]
133043 | Dis:7    | Gained mutation: Your body sometimes deteriorates upon
                  | taking damage. [a cacodemon]
133239 | Dis:7    | Got a brightly glowing war axe
133240 | Dis:7    | Identified the +11 war axe "Dyluhai" {flame, rElec MP+9
                  | Int+4} (You found it on level 7 of the Iron City of Dis)
133611 | Dis:7    | Noticed Dispater
133643 | Dis:7    | Got an iron rune of Zot
133713 | Dis:7    | Killed Dispater
134457 | Tomb:2   | Killed a greater mummy
134459 | Tomb:2   | Killed a greater mummy
134770 | Tomb:2   | Learned a level 9 spell: Shatter
135358 | Depths:3 | Voluntarily entered the Abyss.
135382 | Abyss:1  | Reached skill level 1 in Earth Magic
135389 | Abyss:1  | Killed Frederick
135500 | Abyss:1  | Noticed an ancient lich
135507 | Abyss:1  | Killed an ancient lich
135507 | Abyss:1  | Reached skill level 5 in Earth Magic
135721 | Depths:3 | Escaped the Abyss
135785 | Depths:3 | Voluntarily entered the Abyss.
135975 | Abyss:1  | Gained mutation: Scrolls take you a little longer to read.
                  | [a neqoxec]
135990 | Abyss:1  | Lost mutation: You have sharp toenails. [potion of
                  | mutation]
135990 | Abyss:1  | Lost mutation: Your body sometimes deteriorates upon taking
                  | damage. [potion of mutation]
135990 | Abyss:1  | Lost mutation: Scrolls take you a little longer to read.
                  | [potion of mutation]
135990 | Abyss:1  | Lost mutation: You passively map a small area around you.
                  | [potion of mutation]
135990 | Abyss:1  | Gained mutation: You occasionally shout uncontrollably at
                  | your foes. [potion of mutation]
135990 | Abyss:1  | Gained mutation: Your body sometimes deteriorates upon
                  | taking damage. [potion of mutation]
135990 | Abyss:1  | Gained mutation: You are agile. (Dex +2) [potion of
                  | mutation]
136023 | Abyss:1  | Got a wavering steel ring
136132 | Abyss:1  | Reached skill level 10 in Earth Magic
136329 | Abyss:1  | Noticed an ancient lich
136337 | Abyss:1  | Killed an ancient lich
136689 | Abyss:4  | Paralysed by accursed screaming for 1 turns
136691 | Abyss:4  | Paralysed by accursed screaming for 1 turns
136832 | Depths:3 | Escaped the Abyss
136926 | Depths:3 | Learned a level 5 spell: Lee's Rapid Deconstruction
138339 | Pan      | Entered Pandemonium
138395 | Pan      | Noticed Genes the pandemonium lord
138411 | Pan      | Killed Genes the pandemonium lord
138441 | Pan      | Identified the Collected Works on Supportive Envenoming
138541 | Pan      | Reached skill level 15 in Earth Magic
138543 | Pan      | Found an exit through the horrors of the Abyss.
139837 | Depths:3 | Escaped Pandemonium
140683 | Pan      | Entered Pandemonium
140990 | Pan      | Gained mutation: You have a pair of small antennae on your
                  | head. [a neqoxec]
141181 | Pan      | Found an exit through the horrors of the Abyss.
141480 | Pan      | Gained mutation: You are frail. (-10% HP) [a neqoxec]
141612 | Pan      | Gained mutation: Scrolls take you a little longer to read.
                  | [a cacodemon]
141822 | Pan      | Lost mutation: You occasionally shout uncontrollably at
                  | your foes. [potion of mutation]
141822 | Pan      | Lost mutation: You are somewhat resistant to further
                  | mutation. [potion of mutation]
141822 | Pan      | Gained mutation: You have very sharp teeth. [potion of
                  | mutation]
142084 | Pan      | Identified the ring "Zaumunge" {MR+ Int+5 Dex+2 Stlth+}
                  | (You took it off a white draconian on level 1 of the Abyss)
142099 | Pan      | Found a transporter.
142316 | Pan      | Found a transporter.
142343 | Pan      | Gained mutation: Your magical capacity is low. (-10% MP) [a
                  | cacodemon]
142478 | Pan      | Identified the amulet of the Evening {Harm *Drain rPois
                  | rF++ MR- Dex+4} (You found it in Pandemonium)
142499 | Pan      | Identified the amulet of Tiow {+Inv +Fly Regen+ Int+2} (You
                  | found it in Pandemonium)
142512 | Pan      | Identified the ring "Haricwin" {Wiz Int+3} (You found it in
                  | Pandemonium)
142673 | Pan      | Noticed Ubbisotz the pandemonium lord
143165 | Pan      | Noticed Nussat the pandemonium lord
143244 | Pan      | Killed Nussat the pandemonium lord
143279 | Pan      | Got a warped hand crossbow
143280 | Pan      | Identified the +11 hand crossbow of Leutaino {flame, rElec}
                  | (You acquired it in Pandemonium)
143392 | Pan      | Killed from afar by a hellion

Skill      XL: |  1  2  3  4  5  6  7  8  9 10 11 12 13 14 15 16 17 18 19 20 21 22 23 24 25 26 27 |
---------------+----------------------------------------------------------------------------------+-----
Fighting       | 4 5 6 7 9 10 11 12 13 14 15 16 17 18 19 27 | 27.0
Armour         | 4 5 6 7 9 10 11 12 13 14 15 16 17 18 19 | 19.7
Maces & Flails | 3 4 5 6 8 9 10 11 12 13 14 15 16 17 18 19 21 22 27 | 27.0
Evocations     | 3 5 7 8 10 21 | 21.6
Shields        | 4 7 10 11 13 14 15 27 | 27.0
Crossbows      | 2 12 15 27 | 27.0
Dodging        | 6 12 16 19 26 | 26.4
Earth Magic    | 21 | 21.4

Action                   |  1- 3 |  4- 6 |  7- 9 | 10-12 | 13-15 | 16-18 | 19-21 | 22-24 | 25-27 || total
-------------------------+-------+-------+-------+-------+-------+-------+-------+-------+-------++-------
Melee: Flail             |   176 |   280 |   581 |   235 |       |       |       |       |       ||  1272
       Mace              |       |       |       |   401 |  1497 |   775 |       |       |       ||  2673
       Hunting sling     |       |       |       |     1 |       |       |       |       |       ||     1
       Great mace        |       |       |       |   471 |   414 |       |       |       |       ||   885
       Whip              |       |       |       |       |       |  2075 |    75 |       |       ||  2150
       Eveningstar       |       |       |       |       |       |       |  1230 |  1591 |  4423 ||  7244
       Demon whip        |       |       |       |       |       |       |    36 |   144 |  3310 ||  3490
       Sacred scourge    |       |       |       |       |       |       |       |       |  7117 ||  7117
       Bite              |       |       |       |       |       |       |       |       |   100 ||   100
       Hand crossbow     |       |       |       |       |       |       |       |       |     2 ||     2
 Fire: Hunting sling     |       |       |       |    12 |       |       |       |       |       ||    12
       Hand crossbow     |       |       |       |       |       |       |    67 |   119 |   659 ||   845
Throw: Tomahawk          |       |     7 |    25 |    18 |    96 |     9 |     1 |       |       ||   156
       Stone             |       |       |     3 |       |       |       |       |       |       ||     3
       Javelin           |       |       |       |       |       |     8 |    13 |       |       ||    21
 Cast: Lee's Rapid Decon |       |       |       |       |       |       |       |       |    12 ||    12
Invok: Lunge             |       |       |     6 |    48 |    69 |   117 |   101 |   119 |  1092 ||  1552
       Wall Jump         |       |       |       |    26 |    70 |    86 |    31 |    21 |   160 ||   394
       Whirlwind         |       |       |       |    55 |   105 |   371 |   241 |   259 |  3731 ||  4762
       Serpent's Lash    |       |       |       |     2 |    12 |    16 |    23 |    11 |   128 ||   192
       Heavenly Storm    |       |       |       |       |     1 |     5 |     2 |     2 |    28 ||    38
 Abil: Fly               |       |       |       |       |     1 |       |     1 |       |     3 ||     5
       Stop Flying       |       |       |       |       |       |       |     1 |       |     3 ||     4
Evoke: Wand              |       |     1 |    16 |    16 |    44 |     5 |     3 |     3 |    37 ||   125
       Sack of spiders   |       |       |       |       |       |     2 |     1 |     1 |     1 ||     5
       Phial of floods   |       |       |       |       |       |     2 |     3 |     1 |     1 ||     7
       Lamp of fire      |       |       |       |       |       |       |     1 |     1 |     2 ||     4
       Box of beasts     |       |       |       |       |       |       |     1 |     1 |     1 ||     3
       Horn of Geryon    |       |       |       |       |       |       |       |       |     3 ||     3
       Phantom mirror    |       |       |       |       |       |       |       |       |     3 ||     3
       Lightning rod     |       |       |       |       |       |       |       |       |     2 ||     2
       Fan of gales      |       |       |       |       |       |       |       |       |     1 ||     1
  Use: Scroll            |       |     3 |     4 |     6 |    13 |     8 |    22 |    20 |    91 ||   167
       Potion            |       |       |     1 |     8 |    19 |     2 |     7 |     5 |    36 ||    78
 Stab: Distracted        |       |       |       |       |     1 |       |     2 |       |     9 ||    12
       Confused          |       |       |       |       |       |       |       |     1 |     8 ||     9
       Paralysed         |       |       |       |       |       |       |       |       |    32 ||    32
       Petrifying        |       |       |       |       |       |       |       |       |     7 ||     7
       Petrified         |       |       |       |       |       |       |       |       |     2 ||     2
       Invisible         |       |       |       |       |       |       |       |       |     1 ||     1
       Held in net/web   |       |       |       |       |       |       |       |       |     1 ||     1
  Eat: Chunk             |       |     6 |    16 |    21 |    25 |    13 |    14 |    15 |    19 ||   129
       Ration            |       |       |     3 |     1 |    10 |     9 |     8 |     7 |    73 ||   111
Armor: Scale mail        |   132 |    38 |    44 |       |       |       |       |       |       ||   214
       Leather armour    |       |   122 |   143 |       |       |       |     1 |       |       ||   266
       Chain mail        |       |       |   102 |    11 |       |       |       |       |    80 ||   193
       Crystal plate arm |       |       |       |   783 |  1313 |   704 |   121 |       |       ||  2921
       Robe              |       |       |       |       |     4 |       |       |       |       ||     4
       Plate armour      |       |       |       |       |       |    82 |   222 |       |       ||   304
       Gold dragon scale |       |       |       |       |       |       |    29 |   563 |  2875 ||  3467
       Skin              |       |       |       |       |       |       |       |     3 |       ||     3
       Pearl dragon scal |       |       |       |       |       |       |       |       |    27 ||    27
Dodge: Dodged            |    81 |    87 |   137 |   221 |   325 |   458 |   117 |   213 |  2061 ||  3700
       Deflected         |       |       |       |       |    36 |    55 |    40 |    43 |    59 ||   233
Block: Shield            |   126 |   123 |   296 |   317 |   896 |  1580 |   640 |   740 |  1416 ||  6134
       Reflection        |       |       |     2 |     9 |    84 |   112 |   107 |    79 |   168 ||   561
       Other             |       |       |       |   116 |    52 |       |       |       |       ||   168
       Large shield      |       |       |       |       |       |       |       |       |  6537 ||  6537
